 Dungeon Crawl Stone Soup version 0.27-a0-1196-g3e9cee4cb2 (webtiles) character file.

Game seed: 5711866861271777368

101 pokeman the Magician (level 4, 0/25 HPs)
             Began as a Deep Elf Hedge Wizard on May 29, 2021.
             Slain by a gnoll
             ... wielding a +0 spear of freezing
              (3 damage)
             ... on level 2 of the Dungeon.
             The game lasted 00:04:44 (2759 turns).

pokeman the Magician (Deep Elf Hedge Wizard)        Turns: 2759, Time: 00:04:45

Health: 0/25       AC:  3    Str:  7    XL:     4   Next: 48%
Magic:  1/13       EV: 12    Int: 20    God:
Gold:   111        SH:  0    Dex: 14    Spells: 3/14 levels left

rFire    . . .     SeeInvis .   a - +0 dagger
rCold    . . .     Faith    .   (no shield)
rNeg     . . .     Spirit   .   b - +0 robe
rPois    .         Reflect  .   c - +0 hat
rElec    .         Harm     .   (no cloak)
rCorr    .         Rampage  .   (no gloves)
Will     .....                  k - +0 pair of boots
Stlth    ++........             (no amulet)
HPRegen  0.08/turn              (no ring)
MPRegen  0.13/turn              (no ring)

@: very slightly contaminated
A: no striking features
a: no special abilities


You were on level 2 of the Dungeon.
You visited 1 branch of the dungeon, and saw 2 of its levels.

You collected 111 gold pieces.

Inventory:

Hand Weapons
 a - a +0 dagger (weapon)
Missiles
 f - 27 arrows
 m - 22 bolts
Armour
 b - a +0 robe (worn)
 c - a +0 hat (worn)
 i - a +4 ring mail of poison resistance
 k - a +0 pair of boots (worn)
Scrolls
 d - a scroll of identify {unknown}
 g - 2 scrolls of fear {unknown}
 j - 2 scrolls of teleportation {unknown}
 l - a scroll of immolation {unknown}
Potions
 e - a potion of haste {unknown}
 h - a potion of degeneration {unknown}


   Skills:
 - Level 1.0 Fighting
 - Level 1.0 Armour
 + Level 2.7 Dodging
 - Level 2.4 Stealth
 * Level 5.7 Spellcasting
 + Level 2.3 Conjurations
 - Level 1.1 Summonings
 - Level 1.1 Translocations
 + Level 0.9 Fire Magic


You had 3 spell levels left.
You knew the following spells:

 Your Spells              Type           Power      Damage    Failure   Level
a - Magic Dart            Conj           56%        1d5       4%          1
b - Mephitic Cloud        Conj/Pois/Air  8%         N/A       24%         3
c - Call Imp              Summ           10%        N/A       11%         2
d - Blink                 Tloc           N/A        N/A       11%         2
e - Conjure Flame         Conj/Fire      12%        6-21      17%         3

Your spell library contained the following spells:

 Spells                   Type           Power      Damage    Failure   Level
 Corona                   Hex            5%         N/A       11%         1
 Ensorcelled Hibernation  Hex/Ice        10%        N/A       16%         2
 Slow                     Hex            5%         N/A       16%         2
 Dazzling Flash           Conj/Hex       20%        N/A       21%         3
 Confusing Touch          Hex            5%         N/A       32%         3
 Tukima's Dance           Hex            5%         N/A       32%         3


Dungeon Overview and Level Annotations

Branches:
Dungeon (2/15)

Altars:


Message History

The gnoll is heavily wounded.
Casting: Magic Dart (safe; 4% risk of failure)
Confirm with . or Enter, or press ? or * to list all spells.
Aiming: Magic Dart (safe; 4% risk of failure)
Press: ? - help, Shift-Dir - straight line, f/p - gnoll
Aim: a gnoll, wielding a +0 spear and wearing a +0 chain mail (heavily wounded, 100% to hit)
The magic dart hits the gnoll but does no damage.
The gnoll hits you from afar with a +0 spear of freezing.
The gnoll freezes you.
Casting: Magic Dart (safe; 4% risk of failure)
Confirm with . or Enter, or press ? or * to list all spells.
The spell is extremely dangerous to cast (17% risk of failure)!
Continue anyway?
You miscast Conjure Flame.
You are very lightly contaminated with residual magic.
Nothing appears to happen.
The gnoll hits you from afar with a +0 spear of freezing.
The gnoll freezes you.
Casting: Conjure Flame (extremely dangerous; 17% risk of failure)
Confirm with . or Enter, or press ? or * to list all spells.
The spell is extremely dangerous to cast (24% risk of failure)!
Continue anyway?
Aiming: Mephitic Cloud (extremely dangerous; 24% risk of failure)
Press: ? - help, Shift-Dir - straight line, f/p - gnoll
Aim: a gnoll, wielding a +0 spear and wearing a +0 chain mail (heavily wounded, chance to affect: 91%)
You miscast Mephitic Cloud.
Nothing appears to happen.
The gnoll hits you from afar with a +0 spear of freezing.
The gnoll freezes you.
Casting: Mephitic Cloud (extremely dangerous; 24% risk of failure)
Confirm with . or Enter, or press ? or * to list all spells.
The spell is extremely dangerous to cast (24% risk of failure)!
Continue anyway?
Aiming: Mephitic Cloud (extremely dangerous; 24% risk of failure)
Press: ? - help, Shift-Dir - straight line, f/p - gnoll
Aim: a gnoll, wielding a +0 spear and wearing a +0 chain mail (heavily wounded, chance to affect: 91%)
You miscast Mephitic Cloud.
Nothing appears to happen.
The gnoll closely misses you.
The gnoll hits the plant with a +0 spear.
The plant begins to die.
The gnoll hits you from afar with a +0 spear of freezing.
* * * LOW HITPOINT WARNING * * *
The gnoll freezes you.
You die...

#.###.#####
#.#...#...#
###########.#.###.#.#
#...........#.#...#^#
#.###########.#.###.#
#.# #.#.###.# ###.#
#.#...#.# .##.#
#.#.###.# ..)>#
#.@.....# .####
###.##### .# #g# ##
#g# #.# ........P.#
.P≈≈P.....#
.≈≈≈≈.....#
≈≈≈≈≈≈≈...#


You could see 2 gnolls.

Vanquished Creatures
  A gnoll (D:2)
  3 adders (D:2)
  A worm (D:2)
  A dart slug (D:2)
  3 endoplasms
  2 giant cockroaches (D:2)
  13 goblins
  7 hobgoblins
  2 jackals (D:1)
  A quokka (D:1)
  3 ball pythons
  2 bats (D:1)
  2 frilled lizards (D:1)
  3 kobolds
  6 rats
50 creatures vanquished.

Vanquished Creatures (collateral kills)
  A gnoll (D:2)
1 creature vanquished.

Vanquished Creatures (others)
  4 plants (D:2)
4 creatures vanquished.

Grand Total: 55 creatures vanquished

Notes
Turn   | Place    | Note
-------+----------+-------------------------------------------
     0 | D:1      | pokeman the Deep Elf Hedge Wizard began the quest for the
                  | Orb.
     0 | D:1      | Reached XP level 1. HP: 10/10 MP: 7/7
   322 | D:1      | Reached XP level 2. HP: 12/15 MP: 0/9
   915 | D:1      | Reached skill level 5 in Spellcasting
  1016 | D:1      | Found a faded altar of an unknown god.
  1446 | D:2      | Reached XP level 3. HP: 20/20 MP: 6/11
  1450 | D:2      | Learned a level 3 spell: Mephitic Cloud
  1453 | D:2      | Learned a level 2 spell: Call Imp
  1456 | D:2      | Learned a level 2 spell: Blink
  1460 | D:2      | Learned a level 3 spell: Conjure Flame
  1721 | D:2      | Reached skill level 1 in Fighting
  1721 | D:2      | Reached skill level 1 in Armour
  1756 | D:2      | Reached XP level 4. HP: 16/25 MP: 1/13
  2759 | D:2      | Slain by a gnoll

Illustrated notes

Levels and vault maps discovered:
D:1:      minmay_arrival_split_and_join, layout_basic,
          ebering_ecumenical_altar_rust
D:2:      cheibrodos_greedy_goblins, layout_basic, guppyfry_early_lair_pool

Skill      XL: |  1  2  3 |
---------------+----------+-----
Spellcasting   | 5 |  5.7
Conjurations   | 2 |  2.3
Fighting       | 1 |  1.0
Armour         | 1 |  1.0
Dodging        | |  2.7
Stealth        | |  2.4
Summonings     | |  1.1
Translocations | |  1.1
Fire Magic     | |  0.9

Action                   |  1- 3 |  4- 6 || total
-------------------------+-------+-------++-------
Melee: Dagger            |     3 |    18 ||    21
 Cast: Magic Dart        |   109 |    60 ||   169
       Call Imp          |     1 |     1 ||     2
Armor: Robe              |     2 |    13 ||    15
Dodge: Dodged            |    20 |    19 ||    39

Table legend: (Time is in decaauts)
 A = Elapsed time spent in this place.
 B = Non-inter-level travel time spent in this place.
 C = Inter-level travel time spent in this place.
 D = Time resting spent in this place.
 E = Time spent auto-exploring this place.
 F = Levels seen in this place.
 G = Mean time per level.
                   A        B        C        D        E       F      G
               +--------+--------+--------+--------+--------+-----+--------+
         Total |   2759 |   2645 |    114 |    174 |   2113 |   2 | 1379.5 |
       Dungeon |   2759 |   2645 |    114 |    174 |   2113 |   2 | 1379.5 |
               +--------+--------+--------+--------+--------+-----+--------+

Top non-repeatable levels by time:
     D:1: 1518 daAuts
     D:2: 1241 daAuts
